 Dungeon Crawl Stone Soup version 0.22.1-2-g9c5b331 (webtiles) character file.

140 diana the Sneak (level 5, -7/31 HPs)
             Began as an Octopode Enchanter on Dec 26, 2018.
             Mangled by a gnoll
             ... wielding a +0 flail
              (12 damage)
             ... on level 3 of the Dungeon.
             The game lasted 00:04:53 (2405 turns).

diana the Sneak (Octopode Enchanter)                Turns: 2405, Time: 00:04:54

Health: -7/31      AC:  1    Str:  7    XL:     5   Next: 23%
Magic:  1/8        EV: 17    Int: 17    God:
Gold:   138        SH:  0    Dex: 17    Spells: 3/9 levels left

rFire    . . .     SeeInvis +   a - +1 dagger
rCold    . . .     Gourm    .   (no shield)
rNeg     . . .     Faith    .   (helmet restricted)
rPois    .         Spirit   .   (no amulet)
rElec    .         Reflect  .   n - +3 ring of dexterity (curse)
rCorr    .         Harm     .   h - +3 ring of evasion
MR       .....                  (no ring)
Stlth    ++++......             (no ring)
HPRegen  0.10/turn              (no ring)
MPRegen  0.11/turn              (no ring)
                                (no ring)
                                (no ring)

@: no status effects
A: almost no armour, stealthy swim, amphibious, 8 rings, constrict 8, camouflage
1, see invisible, mutation resistance 1, wild magic 1, gelatinous body 1
a: no special abilities


You were on level 3 of the Dungeon.
You were not hungry.

You visited 1 branch of the dungeon, and saw 3 of its levels.

You collected 138 gold pieces.

Inventory:

Hand Weapons
 a - a +1 dagger (weapon)
Jewellery
 h - a +3 ring of evasion (right tentacle)
 n - a cursed +3 ring of dexterity (left tentacle)
Wands
 i - a wand of paralysis (4)
Scrolls
 b - a scroll of noise
 d - a scroll of enchant armour {unknown}
 e - a scroll of amnesia {unknown}
 f - a scroll of remove curse {unknown}
 g - a scroll of immolation {unknown}
 j - 2 scrolls of identify {unknown}
 k - a scroll of random uselessness {unknown}
 l - a scroll of fear {unknown}
Comestibles
 c - 5 rations


   Skills:
 + Level 1.8 Short Blades
 + Level 2.5 Dodging
 * Level 5.2 Stealth
 + Level 2.5 Spellcasting
 * Level 3.6 Hexes
 * Level 1.8 Ice Magic


You had 3 spell levels left.
You knew the following spells:

 Your Spells              Type           Power        Failure   Level  Hunger
a - Corona                Hex            ###....      7%          1    #......
b - Ensorcelled Hibernat  Hex/Ice        ##....       13%         2    ##.....
c - Confuse               Hex            ###.....     17%         3    ###....

Your spell library contained the following spells:

 Spells                   Type           Power        Failure   Level  Hunger
 Tukima's Dance           Hex            ###.....     17%         3    ###....
 Dazzling Spray           Conj/Hex       ##....       34%         3    ###....


Dungeon Overview and Level Annotations

Branches:
Dungeon (3/15)

Altars:
Elyvilon
Trog


Innate Abilities, Weirdness & Mutations

You cannot wear most types of armour.
You are very stealthy in the water. (Stealth+)
You are amphibious.
You can wear up to eight rings at the same time.
You can use your tentacles to constrict eight enemies at once.
Your skin changes colour to match your surroundings (Stealth+).
Your rubbery body absorbs attacks. (AC +1, EV +1)
You have supernaturally acute eyesight. (SInv)
You are somewhat resistant to further mutation.
Your spells are a little harder to cast, but a little more powerful.


Message History

A rat comes into view.
You see here a club.
The gnoll hits you with a flail.
The gnoll shaman calls upon its god to speed up the gnoll.
The gnoll seems to speed up.
You see here an adder skeleton.
The gnoll completely misses you. The gnoll hits you with a flail!
The gnoll barely misses you. The gnoll closely misses you.
You aren't carrying any potions.
You aren't carrying any potions.
As you read the scroll labeled RINOLAITSOREE, it crumbles to dust.
You hear a loud clanging noise!
It was a scroll of noise.
You hear a shout! x8; You hear an angry hiss.
You hear a shout! x2
You hear an angry hiss.
You hear a shout!
The gnoll hits you with a spear.
* * * LOW HITPOINT WARNING * * *
The gnoll hits you with a flail!
You die...

.##### .# .# ##########
.# #........#
.########.######.#
..........# #.##.#
#############.##.########
........÷gg...(.o.o
#######)##@#######.
#.##g# #g##.######
#..)....... #..#.....#.
#..#....<# #..#..#.r#
#..#... .# #..#..#. #


You could see a gnoll shaman, 2 gnolls and an orc.

Vanquished Creatures
  A gnoll (D:3)
  8 adders
  A worm (D:2)
  2 dart slugs (D:1)
  A leopard gecko (D:1)
  3 giant cockroaches (D:2)
  8 hobgoblins
  3 jackals (D:2)
  8 kobolds
  A quokka (D:2)
  2 ball pythons (D:1)
  A bat (D:3)
  4 frilled lizards (D:1)
  7 goblins
  4 rats
54 creatures vanquished.

Notes
Turn   | Place    | Note
-------+----------+-------------------------------------------
     0 | D:1      | diana the Octopode Enchanter began the quest for the Orb.
     0 | D:1      | Reached XP level 1. HP: 11/11 MP: 3/3
   110 | D:1      | Reached XP level 2. HP: 9/17 MP: 5/5
   310 | D:1      | Learned a level 2 spell: Ensorcelled Hibernation
   716 | D:1      | Reached XP level 3. HP: 15/21 MP: 6/6
  1237 | D:2      | Reached skill level 1 in Ice Magic
  1390 | D:2      | Found a white marble altar of Elyvilon.
  1434 | D:2      | Reached XP level 4. HP: 27/27 MP: 7/7
  1936 | D:2      | Reached skill level 5 in Stealth
  1941 | D:2      | Gained mutation: Your spells are a little harder to cast,
                  | but a little more powerful. [potion of mutation]
  1941 | D:2      | Gained mutation: You are somewhat resistant to further
                  | mutation. [potion of mutation]
  1941 | D:2      | Gained mutation: You have supernaturally acute eyesight.
                  | (SInv) [potion of mutation]
  2117 | D:2      | Found a bloodstained altar of Trog.
  2165 | D:2      | Reached XP level 5. HP: 31/31 MP: 8/8
  2316 | D:3      | Learned a level 3 spell: Confuse
  2405 | D:3      | Mangled by a gnoll

Skill      XL: |  1  2  3  4 |
---------------+-------------+-----
Ice Magic      | 1 |  1.8
Stealth        | 5 |  5.2
Short Blades   | |  1.8
Dodging        | |  2.5
Spellcasting   | |  2.5
Hexes          | |  3.6

Action                   |  1- 3 |  4- 6 || total
-------------------------+-------+-------++-------
Melee: Dagger            |    58 |    42 ||   100
       Constrict         |    10 |     8 ||    18
       Tentacles         |     4 |     9 ||    13
 Cast: Ensorcelled Hiber |     2 |    11 ||    13
       Corona            |     1 |     2 ||     3
  Use: Potion            |       |     4 ||     4
       Scroll            |       |     1 ||     1
 Stab: Sleeping          |    13 |    12 ||    25
  Eat: Chunk             |     2 |     3 ||     5
Armor: Skin              |     2 |     7 ||     9
Dodge: Dodged            |    18 |    30 ||    48
